Senators vs MapleLeafs

Created - 15 octobre 2017 at 19:45

Goals
1 2 3 OT1 T
Senators 3 2 0 0 5
MapleLeafs 1 3 1 1 6
Shots
1 2 3 OT1 T
Senators 10 10 10 1 31
MapleLeafs 15 11 9 1 36

1st period

1. Senators , Mark Stone 3 (Markus Granlund 3) at 0:08
2. MapleLeafs , T.J. Oshie 4 (David Krejci 5, Dmitry Kulikov 2) at 7:57
3. Senators , Tyler Seguin 2 (Drew Doughty 5, Mark Stone 2) at 16:56 (PP)
4. Senators , Derick Brassard 4 (Mike Hoffman 4, Bobby Ryan 4) at 18:06

Penalties :
Markus Granlund (OTT) for Roughing (Minor) at 3:02, Brent Seabrook (TOR) for Roughing (Minor) at 15:48

2nd period

5. Senators , Brayden Schenn 3 (Kevin Bieksa 2, Tyler Seguin 6) at 5:17
6. MapleLeafs , Brent Seabrook 1 (Marek Hrivik 1, Tanner Glass 3) at 9:38
7. MapleLeafs , Nazem Kadri 1 (Reilly Smith 1, Zach Bogosian 3) at 10:15
8. Senators , Markus Granlund 1 (Mark Stone 3, Robbie Russo 2) at 14:55
9. MapleLeafs , Mikael Backlund 2 (Marc Methot 3, Marek Hrivik 2) at 16:03

Penalties :
Milan Lucic (TOR) for Holding (Minor) at 1:49, Zach Bogosian (TOR) for Holding (Minor) at 19:04, Tyler Seguin (OTT) for Hooking (Minor) at 19:04

3rd period

10. MapleLeafs , Mikael Backlund 3 (Brandon Montour 1, Marek Hrivik 3) at 14:38

Penalties :
Robbie Russo (OTT) for Interference (Minor) at 5:49

Overtime #1

11. MapleLeafs , Nazem Kadri 2 (Brent Seabrook 1) at 0:19

Penalties :
No Penalty

Goalie Stats

Andrew Hammond (OTT), 30 saves from 36 shots - (0.833), OTL, 0-0-1, 60:20 minutes
Al Montoya (TOR), 18 saves from 19 shots - (0.947), W, 1-0-0, 35:03 minutes
Corey Crawford (TOR), 8 saves from 12 shots - (0.667), 25:17 minutes

Players Stats for Senators

Player Name              G  A  P  +/- PIM S  H  SB GA TA FO     MP     PP MP  PK MP  
------------------------------------------------------------------------------------
Anton Lander             0  0  0  -2  0   0  0  0  0  0  8/11    6:35   0:00   1:47 
Bobby Ryan               0  1  1   0  0   1  3  0  0  0  0/1    17:23   1:30   0:00 
Brayden Schenn           1  0  1   1  0   2  1  0  0  0  0/0    17:37   1:12   1:43 
Derick Brassard          1  0  1  -1  0   7  2  0  0  0  8/24   17:34   1:30   0:00 
Drew Doughty             0  1  1  -1  0   2  5  3  0  0  0/0    23:29   1:37   0:25 
Drew Miller              0  0  0  -1  0   1  0  0  0  0  1/2    17:54   0:00   1:47 
Jason Garrison           0  0  0  -2  0   0  3  2  0  0  0/0    23:49   1:12   0:57 
Jussi Jokinen            0  0  0   0  0   0  0  0  0  0  2/2     2:50   0:25   0:00 
Kevin Bieksa             0  1  1   2  0   1  4  1  0  0  0/0    20:30   1:30   2:03 
Lauri Korpikoski         0  0  0  -2  0   0  0  0  0  0  0/0     6:17   0:00   1:29 
Mark Stone               1  2  3   0  0   5  1  0  0  0  0/1    19:57   1:37   0:00 
Markus Granlund          1  1  2   0  2   5  1  0  0  0  12/30  19:17   0:00   1:01 
Matt Puempel             0  0  0   0  0   0  1  0  0  0  0/1    18:55   0:25   0:00 
Mike Hoffman             0  1  1   0  0   3  3  0  0  0  0/1    17:32   1:30   0:09 
Rob OGara                0  0  0  -2  0   0  0  4  0  0  0/0    16:05   0:00   1:30 
Robbie Russo             0  1  1  -2  2   0  0  1  0  0  0/0    15:11   0:25   0:49 
Tyler Seguin             1  1  2   0  2   3  1  0  0  0  11/19  13:29   1:12   0:00 
Zbynek Michalek          0  0  0   2  0   1  1  0  0  0  0/0    20:36   1:30   2:12 

Players Stats for MapleLeafs

Player Name              G  A  P  +/- PIM S  H  SB GA TA FO     MP     PP MP  PK MP  
------------------------------------------------------------------------------------
Adam Erne                0  0  0   0  0   0  3  0  0  0  0/1     7:43   0:00   0:53 
Beau Bennett             0  0  0  -2  0   2  1  0  0  0  0/1    17:46   2:19   0:00 
Brandon Montour          0  1  1   1  0   1  0  1  0  0  0/0    14:37   0:00   0:16 
Brent Seabrook           1  1  2   1  2   2  1  0  0  0  0/0    23:35   1:39   0:58 
David Krejci             0  1  1   0  0   3  1  0  0  0  11/22  19:32   1:39   1:21 
Dmitry Kulikov           0  1  1   0  0   3  0  1  0  0  0/0    21:56   2:19   1:53 
Karl Alzner              0  0  0   0  0   1  1  3  0  0  0/0    23:27   1:39   0:58 
Marc Methot              0  1  1   0  0   1  1  2  0  0  0/0    22:07   2:19   1:53 
Marek Hrivik             0  3  3   3  0   2  0  0  0  0  1/1    14:15   0:00   0:00 
Mikael Backlund          2  0  2   3  0   6  0  0  0  0  15/22  15:08   0:00   0:53 
Milan Lucic              0  0  0   0  2   0  1  0  0  0  0/0    16:02   1:39   0:00 
Nazem Kadri              2  0  2  -1  0   5  4  0  0  0  16/27  19:05   2:19   0:59 
Reilly Smith             0  1  1  -2  0   2  0  0  0  0  2/3    17:46   2:19   0:00 
Sam Henley               0  0  0   0  0   0  0  0  0  0  0/0     0:58   0:00   0:00 
Scott Laughton           0  0  0   0  0   0  1  0  0  0  4/12    7:56   0:00   1:06 
T.J. Oshie               1  0  1   1  0   7  1  2  0  0  1/3    25:07   1:39   1:02 
Tanner Glass             0  1  1   3  0   1  1  0  0  0  0/0    14:15   0:00   0:00 
Zach Bogosian            0  1  1   1  2   0  0  0  0  0  0/0    14:36   0:00   0:16 

3 Stars

1 - Mikael Backlund (TOR)
2 - Nazem Kadri (TOR)
3 - Marek Hrivik (TOR)

Power Play

Senators - 1 on 2 Attempt(s) - 50.00%
MapleLeafs - 0 on 2 Attempt(s) - 0.00%

Penalty Kill

Senators - 2 on 2 Attempt(s) - 100.00% - Score 0 goal in Penalty Kill
MapleLeafs - 1 on 2 Attempt(s) - 50.00% - Score 0 goal in Penalty Kill

Team Stat

Senators - Hits : 26 - Faceoff Wins : 42 - Blocked Shots : 11 - Penalty Minutes : 6
MapleLeafs - Hits : 16 - Faceoff Wins : 50 - Blocked Shots : 9 - Penalty Minutes : 6

Official

Referees : Kelly Sutherland and Marc Joannette
Linesman : Brad Lazarowich and John Grandt

Game Notes

Al Montoya enters game at 5:17 of 2nd period

Finance

Level 1 -- Attendance: 6500 (100.00%) -- Ticket Income 747 500 $
Level 2 -- Attendance: 5000 (100.00%) -- Ticket Income 400 000 $
Level 3 -- Attendance: 2338 (66.80%) -- Ticket Income 163 660 $
Level 4 -- Attendance: 2819 (100.00%) -- Ticket Income 126 855 $
Luxury Box -- Attendance: 1000 (100.00%) -- Ticket Income 225 000 $
Game was played at the Air Canada Center.
Total Attendance: 17657 (93.83%)
Total Ticket Income: 1 663 015 $
Other Income: 249 452 $
Total Income: 1 912 467 $

% Time on Ice - Senators

Lines # - Real PCT - Wanted PCT - Time Play
Normal Forward
1 - 36% - 40% - 18:20
2 - 31% - 30% - 15:53
3 - 23% - 20% - 11:58
4 - 9% - 10% - 4:45
Normal Defense
1 - 39% - 40% - 19:54
2 - 32% - 30% - 16:22
3 - 20% - 20% - 10:14
4 - 9% - 10% - 4:26
PP Forward
1 - 52% - 60% - 1:37
2 - 48% - 40% - 1:30
PP Defense
1 - 52% - 60% - 1:37
2 - 48% - 40% - 1:30
PK Forward
1 - 63% - 60% - 2:29
2 - 37% - 40% - 1:29
PK Defense
1 - 48% - 60% - 1:55
2 - 52% - 40% - 2:03
PK3 Forward
1 - 0% - 60%
2 - 0% - 40%
PK3 Defense
1 - 0% - 60%
2 - 0% - 40%
44 Forward
1 - 100% - 60% - 1:59
2 - 0% - 40% - 0:00
44 Defense
1 - 71% - 60% - 1:24
2 - 29% - 40% - 0:35
Last Minute Offensive  - 0:00
Last Minute Defensive  - 0:00
Total
Forward - 60:00
Defense - 60:00

% Time on Ice - MapleLeafs

Lines # - Real PCT - Wanted PCT - Time Play
Normal Forward
1 - 28% - 35% - 14:24
2 - 30% - 32% - 15:27
3 - 28% - 23% - 14:15
4 - 13% - 10% - 6:50
Normal Defense
1 - 40% - 42% - 20:33
2 - 31% - 38% - 16:02
3 - 28% - 20% - 14:21
4 - 0% - 0% - 0:00
PP Forward
1 - 42% - 60% - 1:39
2 - 58% - 40% - 2:19
PP Defense
1 - 42% - 60% - 1:39
2 - 58% - 40% - 2:19
PK Forward
1 - 72% - 60% - 2:14
2 - 28% - 40% - 0:53
PK Defense
1 - 31% - 60% - 0:58
2 - 69% - 40% - 2:09
PK3 Forward
1 - 0% - 60%
2 - 0% - 40%
PK3 Defense
1 - 0% - 60%
2 - 0% - 40%
44 Forward
1 - 100% - 60% - 1:59
2 - 0% - 40% - 0:00
44 Defense
1 - 43% - 60% - 0:51
2 - 57% - 40% - 1:08
Last Minute Offensive  - 0:00
Last Minute Defensive  - 0:00
Total
Forward - 60:00
Defense - 60:00

Play by Play

1st period


0:01 of 1st period - Markus Granlund wins face-off versus David Krejci in neutral zone.
0:08 of 1st period - Shot by Mark Stone.
0:08 of 1st period - Goal by Mark Stone - Senators : 1 - MapleLeafs : 0.
0:09 of 1st period - Nazem Kadri wins face-off versus Derick Brassard in neutral zone.
0:23 of 1st period - Shot by Mike Hoffman.
0:23 of 1st period - Shot Misses the Net.
0:25 of 1st period - Shot by Derick Brassard.
0:25 of 1st period - Stopped by Corey Crawford without a rebound.
0:26 of 1st period - Tyler Seguin wins face-off versus Mikael Backlund in MapleLeafs zone.
0:29 of 1st period - Shot by Brayden Schenn.
0:29 of 1st period - Shot Misses the Net.
0:45 of 1st period - Icing by Mikael Backlund.
0:46 of 1st period - Mikael Backlund wins face-off versus Mark Stone in MapleLeafs zone.
0:46 of 1st period - Mikael Backlund is hit by Mark Stone.
1:22 of 1st period - Icing by Jason Garrison.
1:23 of 1st period - Markus Granlund wins face-off versus David Krejci in Senators zone.
2:08 of 1st period - Shot by Mike Hoffman.
2:08 of 1st period - Deflect By Derick Brassard.
2:08 of 1st period - Stopped by Corey Crawford without a rebound.
2:09 of 1st period - Nazem Kadri wins face-off versus Anton Lander in MapleLeafs zone.
2:25 of 1st period - Icing by Robbie Russo.
2:26 of 1st period - Anton Lander wins face-off versus Mikael Backlund in Senators zone.
2:52 of 1st period - Off-side.
2:53 of 1st period - Markus Granlund wins face-off versus Nazem Kadri in neutral zone.
3:02 of 1st period - Minor Penalty to Markus Granlund for Roughing.
3:03 of 1st period - Anton Lander wins face-off versus David Krejci in Senators zone.
3:24 of 1st period - Shot by T.J. Oshie.
3:24 of 1st period - Shot Misses the Net.
4:07 of 1st period - Shot by Reilly Smith.
4:07 of 1st period - Shot Misses the Net.
4:09 of 1st period - Shot by Marc Methot.
4:09 of 1st period - Shot Misses the Net.
4:11 of 1st period - Shot by Marc Methot.
4:11 of 1st period - Shot Misses the Net.
4:13 of 1st period - Shot by Marc Methot.
4:13 of 1st period - Stopped by Andrew Hammond with a rebound.
4:15 of 1st period - Shot by Marc Methot.
4:15 of 1st period - Shot Blocked by Rob OGara.
4:17 of 1st period - Shot by Dmitry Kulikov.
4:17 of 1st period - Stopped by Andrew Hammond without a rebound.
4:18 of 1st period - Anton Lander wins face-off versus Nazem Kadri in Senators zone.
4:31 of 1st period - Shot by Reilly Smith.
4:31 of 1st period - Shot Misses the Net.
4:43 of 1st period - Shot by Nazem Kadri.
4:43 of 1st period - Stopped by Andrew Hammond with a rebound.
5:41 of 1st period - Icing by Mikael Backlund.
5:42 of 1st period - Mikael Backlund wins face-off versus Derick Brassard in MapleLeafs zone.
5:54 of 1st period - Off-side.
5:55 of 1st period - David Krejci wins face-off versus Derick Brassard in neutral zone.
5:55 of 1st period - David Krejci is hit by Bobby Ryan.
6:06 of 1st period - Shot by David Krejci.
6:06 of 1st period - Deflect By T.J. Oshie.
6:06 of 1st period - Stopped by Andrew Hammond without a rebound.
6:07 of 1st period - Reilly Smith wins face-off versus Markus Granlund in Senators zone.
6:15 of 1st period - Icing by Jason Garrison.
6:16 of 1st period - Markus Granlund wins face-off versus David Krejci in Senators zone.
6:33 of 1st period - Shot by Drew Doughty.
6:33 of 1st period - Stopped by Corey Crawford without a rebound.
6:34 of 1st period - Tyler Seguin wins face-off versus Nazem Kadri in MapleLeafs zone.
6:41 of 1st period - Drew Miller is hit by Beau Bennett and loses puck.
7:28 of 1st period - Rob OGara is hit by Nazem Kadri and loses puck.
7:39 of 1st period - Shot by T.J. Oshie.
7:39 of 1st period - Shot Misses the Net.
7:49 of 1st period - Shot by David Krejci.
7:49 of 1st period - Stopped by Andrew Hammond with a rebound.
7:51 of 1st period - Shot by Dmitry Kulikov.
7:51 of 1st period - Shot Blocked by Rob OGara.
7:53 of 1st period - Shot by David Krejci.
7:53 of 1st period - Shot Blocked by Rob OGara.
7:55 of 1st period - Shot by T.J. Oshie.
7:55 of 1st period - Shot Blocked by Rob OGara.
7:57 of 1st period - Shot by T.J. Oshie.
7:57 of 1st period - Goal by T.J. Oshie - Senators : 1 - MapleLeafs : 1.
7:58 of 1st period - Mikael Backlund wins face-off versus Markus Granlund in neutral zone.
8:11 of 1st period - Off-side.
8:12 of 1st period - Scott Laughton wins face-off versus Markus Granlund in neutral zone.
8:39 of 1st period - Icing by Dmitry Kulikov.
8:40 of 1st period - Scott Laughton wins face-off versus Derick Brassard in MapleLeafs zone.
8:42 of 1st period - Icing by T.J. Oshie.
8:43 of 1st period - Derick Brassard wins face-off versus Adam Erne in MapleLeafs zone.
8:59 of 1st period - Scott Laughton is hit by Zbynek Michalek and loses puck.
9:03 of 1st period - Adam Erne is hit by Kevin Bieksa and loses puck.
9:21 of 1st period - Off-side.
9:22 of 1st period - Tyler Seguin wins face-off versus Mikael Backlund in neutral zone.
9:34 of 1st period - Icing by Zach Bogosian.
9:35 of 1st period - Markus Granlund wins face-off versus Mikael Backlund in MapleLeafs zone.
9:36 of 1st period - Shot by Mark Stone.
9:36 of 1st period - Stopped by Corey Crawford without a rebound.
9:37 of 1st period - Nazem Kadri wins face-off versus Markus Granlund in MapleLeafs zone.
9:37 of 1st period - Nazem Kadri is hit by Matt Puempel.
9:55 of 1st period - Shot by Nazem Kadri.
9:55 of 1st period - Shot Misses the Net.
10:11 of 1st period - Shot by Nazem Kadri.
10:11 of 1st period - Stopped by Andrew Hammond without a rebound.
10:12 of 1st period - Tyler Seguin wins face-off versus David Krejci in Senators zone.
10:44 of 1st period - Shot by Tyler Seguin.
10:44 of 1st period - Shot Misses the Net.
11:57 of 1st period - Shot by Nazem Kadri.
11:57 of 1st period - Shot Misses the Net.
11:59 of 1st period - Shot by Brent Seabrook.
11:59 of 1st period - Stopped by Andrew Hammond without a rebound.
12:00 of 1st period - Scott Laughton wins face-off versus Markus Granlund in Senators zone.
12:01 of 1st period - Shot by T.J. Oshie.
12:01 of 1st period - Shot Misses the Net.
12:45 of 1st period - Icing by Robbie Russo.
12:46 of 1st period - Nazem Kadri wins face-off versus Markus Granlund in Senators zone.
12:49 of 1st period - Shot by Reilly Smith.
12:49 of 1st period - Stopped by Andrew Hammond without a rebound.
12:50 of 1st period - Anton Lander wins face-off versus Nazem Kadri in Senators zone.
12:52 of 1st period - Icing by Drew Doughty.
12:53 of 1st period - Anton Lander wins face-off versus Reilly Smith in Senators zone.
12:53 of 1st period - Anton Lander is hit by Nazem Kadri.
13:09 of 1st period - Shot by Lauri Korpikoski.
13:09 of 1st period - Shot Misses the Net.
13:12 of 1st period - Icing by Dmitry Kulikov.
13:13 of 1st period - Derick Brassard wins face-off versus Nazem Kadri in MapleLeafs zone.
13:22 of 1st period - Shot by Derick Brassard.
13:22 of 1st period - Stopped by Corey Crawford without a rebound.
13:23 of 1st period - Tyler Seguin wins face-off versus David Krejci in MapleLeafs zone.
13:26 of 1st period - Shot by Drew Miller.
13:26 of 1st period - Stopped by Corey Crawford without a rebound.
13:27 of 1st period - David Krejci wins face-off versus Markus Granlund in MapleLeafs zone.
13:53 of 1st period - Shot by T.J. Oshie.
13:53 of 1st period - Stopped by Andrew Hammond without a rebound.
13:54 of 1st period - Nazem Kadri wins face-off versus Tyler Seguin in Senators zone.
14:01 of 1st period - Shot by Nazem Kadri.
14:01 of 1st period - Stopped by Andrew Hammond without a rebound.
14:02 of 1st period - Mikael Backlund wins face-off versus Bobby Ryan in Senators zone.
14:03 of 1st period - Shot by Marek Hrivik.
14:03 of 1st period - Shot Misses the Net.
14:15 of 1st period - Shot by Mikael Backlund.
14:15 of 1st period - Stopped by Andrew Hammond with a rebound.
14:17 of 1st period - Shot by Dmitry Kulikov.
14:17 of 1st period - Stopped by Andrew Hammond without a rebound.
14:18 of 1st period - Markus Granlund wins face-off versus David Krejci in Senators zone.
14:18 of 1st period - Drew Doughty is hit by Milan Lucic and loses puck.
14:26 of 1st period - Jason Garrison is hit by David Krejci and loses puck.
14:32 of 1st period - Drew Doughty is hit by Karl Alzner and loses puck.
14:37 of 1st period - Shot by Mark Stone.
14:37 of 1st period - Deflect By Markus Granlund.
14:37 of 1st period - Shot Misses the Net.
15:47 of 1st period - Bobby Ryan is hit by Brent Seabrook.
15:48 of 1st period - Minor Penalty to Brent Seabrook for Roughing.
15:49 of 1st period - Nazem Kadri wins face-off versus Derick Brassard in MapleLeafs zone.
16:18 of 1st period - Shot by Kevin Bieksa.
16:18 of 1st period - Stopped by Corey Crawford without a rebound.
16:19 of 1st period - Tyler Seguin wins face-off versus Scott Laughton in MapleLeafs zone.
16:30 of 1st period - Shot by Drew Doughty.
16:30 of 1st period - Shot Misses the Net.
16:46 of 1st period - Drew Doughty is hit by Adam Erne.
16:56 of 1st period - Shot by Tyler Seguin.
16:56 of 1st period - Goal by Tyler Seguin - Senators : 2 - MapleLeafs : 1.
16:57 of 1st period - Anton Lander wins face-off versus Mikael Backlund in neutral zone.
18:04 of 1st period - Shot by Derick Brassard.
18:04 of 1st period - Shot Misses the Net.
18:06 of 1st period - Shot by Derick Brassard.
18:06 of 1st period - Goal by Derick Brassard - Senators : 3 - MapleLeafs : 1.
18:07 of 1st period - Markus Granlund wins face-off versus David Krejci in neutral zone.
18:15 of 1st period - Shot by David Krejci.
18:15 of 1st period - Stopped by Andrew Hammond with a rebound.
18:37 of 1st period - Shot by David Krejci.
18:37 of 1st period - Shot Misses the Net.
19:08 of 1st period - Reilly Smith is hit by Drew Doughty and loses puck.
19:20 of 1st period - Nazem Kadri is hit by Jason Garrison and loses puck.
19:29 of 1st period - Shot by Nazem Kadri.
19:29 of 1st period - Shot Misses the Net.
19:43 of 1st period - Shot by Zach Bogosian.
19:43 of 1st period - Deflect By Mikael Backlund.
19:43 of 1st period - Shot Misses the Net.
19:46 of 1st period - Mikael Backlund is hit by Drew Doughty and loses puck.
19:53 of 1st period - Shot by Tanner Glass.
19:53 of 1st period - Stopped by Andrew Hammond without a rebound.
19:54 of 1st period - Scott Laughton wins face-off versus Derick Brassard in Senators zone.
19:54 of 1st period - Scott Laughton is hit by Kevin Bieksa.
Goals for this period are 3 for Senators vs 1 for MapleLeafs.
Shots for this period are 10 for Senators vs 15 for MapleLeafs.

2nd period


0:01 of 2nd period - Derick Brassard wins face-off versus Nazem Kadri in neutral zone.
0:08 of 2nd period - Shot by Derick Brassard.
0:08 of 2nd period - Stopped by Corey Crawford with a rebound.
0:53 of 2nd period - Shot by David Krejci.
0:53 of 2nd period - Shot Misses the Net.
0:55 of 2nd period - Shot by Karl Alzner.
0:55 of 2nd period - Stopped by Andrew Hammond without a rebound.
0:56 of 2nd period - Mikael Backlund wins face-off versus Tyler Seguin in Senators zone.
0:56 of 2nd period - Mikael Backlund is hit by Jason Garrison.
1:04 of 2nd period - Shot by Mikael Backlund.
1:04 of 2nd period - Stopped by Andrew Hammond with a rebound.
1:09 of 2nd period - Shot by Zach Bogosian.
1:09 of 2nd period - Shot Misses the Net.
1:18 of 2nd period - Marek Hrivik is hit by Drew Doughty and loses puck.
1:49 of 2nd period - Minor Penalty to Milan Lucic for Holding.
1:50 of 2nd period - David Krejci wins face-off versus Derick Brassard in MapleLeafs zone.
2:25 of 2nd period - Kevin Bieksa is hit by T.J. Oshie and loses puck.
2:44 of 2nd period - Karl Alzner is hit by Bobby Ryan and loses puck.
3:19 of 2nd period - Shot by Tyler Seguin.
3:19 of 2nd period - Deflect By Mark Stone.
3:19 of 2nd period - Shot Misses the Net.
4:12 of 2nd period - Off-side.
4:13 of 2nd period - Mikael Backlund wins face-off versus Markus Granlund in neutral zone.
4:27 of 2nd period - Icing by Rob OGara.
4:28 of 2nd period - Markus Granlund wins face-off versus Scott Laughton in Senators zone.
4:28 of 2nd period - Markus Granlund is hit by Adam Erne.
4:54 of 2nd period - Shot by T.J. Oshie.
4:54 of 2nd period - Stopped by Andrew Hammond without a rebound.
4:55 of 2nd period - Tyler Seguin wins face-off versus Nazem Kadri in Senators zone.
4:57 of 2nd period - Icing by Brayden Schenn.
4:58 of 2nd period - Nazem Kadri wins face-off versus Tyler Seguin in Senators zone.
5:17 of 2nd period - Shot by Brayden Schenn.
5:17 of 2nd period - Goal by Brayden Schenn - Senators : 4 - MapleLeafs : 1.
5:17 of 2nd period - Al Montoya enters game.
5:18 of 2nd period - Derick Brassard wins face-off versus David Krejci in neutral zone.
5:21 of 2nd period - Shot by Bobby Ryan.
5:21 of 2nd period - Stopped by Al Montoya without a rebound.
5:22 of 2nd period - David Krejci wins face-off versus Derick Brassard in MapleLeafs zone.
5:29 of 2nd period - Shot by T.J. Oshie.
5:29 of 2nd period - Shot Misses the Net.
5:36 of 2nd period - Icing by Kevin Bieksa.
5:37 of 2nd period - Derick Brassard wins face-off versus Nazem Kadri in Senators zone.
6:02 of 2nd period - Shot by Derick Brassard.
6:02 of 2nd period - Deflect By Mike Hoffman.
6:02 of 2nd period - Stopped by Al Montoya without a rebound.
6:03 of 2nd period - David Krejci wins face-off versus Markus Granlund in MapleLeafs zone.
7:34 of 2nd period - Shot by Bobby Ryan.
7:34 of 2nd period - Shot Misses the Net.
8:46 of 2nd period - Shot by Markus Granlund.
8:46 of 2nd period - Stopped by Al Montoya without a rebound.
8:47 of 2nd period - David Krejci wins face-off versus Anton Lander in MapleLeafs zone.
9:01 of 2nd period - T.J. Oshie is hit by Drew Doughty and loses puck.
9:36 of 2nd period - Shot by Marek Hrivik.
9:36 of 2nd period - Shot Misses the Net.
9:38 of 2nd period - Shot by Brent Seabrook.
9:38 of 2nd period - Goal by Brent Seabrook - Senators : 4 - MapleLeafs : 2.
9:39 of 2nd period - Nazem Kadri wins face-off versus Markus Granlund in neutral zone.
9:44 of 2nd period - Shot by Beau Bennett.
9:44 of 2nd period - Stopped by Andrew Hammond without a rebound.
9:45 of 2nd period - Nazem Kadri wins face-off versus Markus Granlund in Senators zone.
10:09 of 2nd period - Shot by Reilly Smith.
10:09 of 2nd period - Shot Hit the Post.
10:13 of 2nd period - Shot by Nazem Kadri.
10:13 of 2nd period - Deflect By Reilly Smith.
10:13 of 2nd period - Shot Misses the Net.
10:15 of 2nd period - Shot by Nazem Kadri.
10:15 of 2nd period - Goal by Nazem Kadri - Senators : 4 - MapleLeafs : 3.
10:16 of 2nd period - Mikael Backlund wins face-off versus Derick Brassard in neutral zone.
10:33 of 2nd period - Shot by Mikael Backlund.
10:33 of 2nd period - Deflect By Tanner Glass.
10:33 of 2nd period - Shot Blocked by Drew Doughty.
10:45 of 2nd period - Shot by Mike Hoffman.
10:45 of 2nd period - Shot Misses the Net.
10:51 of 2nd period - Shot by Mike Hoffman.
10:51 of 2nd period - Deflect By Derick Brassard.
10:51 of 2nd period - Shot Misses the Net.
12:02 of 2nd period - Shot by Nazem Kadri.
12:02 of 2nd period - Shot Misses the Net.
12:04 of 2nd period - Shot by Beau Bennett.
12:04 of 2nd period - Stopped by Andrew Hammond with a rebound.
12:06 of 2nd period - Shot by Reilly Smith.
12:06 of 2nd period - Shot Misses the Net.
12:20 of 2nd period - Shot by Reilly Smith.
12:20 of 2nd period - Stopped by Andrew Hammond without a rebound.
12:21 of 2nd period - Markus Granlund wins face-off versus Scott Laughton in Senators zone.
13:18 of 2nd period - Shot by Marek Hrivik.
13:18 of 2nd period - Shot Misses the Net.
13:20 of 2nd period - Shot by Tanner Glass.
13:20 of 2nd period - Shot Blocked by Jason Garrison.
13:40 of 2nd period - Zach Bogosian is hit by Mike Hoffman and loses puck.
14:04 of 2nd period - Shot by Lauri Korpikoski.
14:04 of 2nd period - Shot Misses the Net.
14:06 of 2nd period - Shot by Drew Doughty.
14:06 of 2nd period - Shot Blocked by Brandon Montour.
14:08 of 2nd period - Shot by Drew Doughty.
14:08 of 2nd period - Shot Misses the Net.
14:10 of 2nd period - Shot by Jussi Jokinen.
14:10 of 2nd period - Shot Misses the Net.
14:29 of 2nd period - Icing by Brandon Montour.
14:30 of 2nd period - Nazem Kadri wins face-off versus Markus Granlund in MapleLeafs zone.
14:45 of 2nd period - Shot by Mark Stone.
14:45 of 2nd period - Stopped by Al Montoya with a rebound.
14:47 of 2nd period - Shot by Matt Puempel.
14:47 of 2nd period - Shot Misses the Net.
14:53 of 2nd period - Shot by Markus Granlund.
14:53 of 2nd period - Stopped by Al Montoya with a rebound.
14:55 of 2nd period - Shot by Markus Granlund.
14:55 of 2nd period - Goal by Markus Granlund - Senators : 5 - MapleLeafs : 3.
14:56 of 2nd period - David Krejci wins face-off versus Derick Brassard in neutral zone.
15:15 of 2nd period - Shot by David Krejci.
15:15 of 2nd period - Stopped by Andrew Hammond with a rebound.
15:53 of 2nd period - Shot by Marek Hrivik.
15:53 of 2nd period - Deflect By Mikael Backlund.
15:53 of 2nd period - Stopped by Andrew Hammond with a rebound.
15:55 of 2nd period - Shot by Mikael Backlund.
15:55 of 2nd period - Shot Misses the Net.
15:57 of 2nd period - Shot by Marek Hrivik.
15:57 of 2nd period - Shot Blocked by Drew Doughty.
16:03 of 2nd period - Shot by Mikael Backlund.
16:03 of 2nd period - Goal by Mikael Backlund - Senators : 5 - MapleLeafs : 4.
16:04 of 2nd period - Markus Granlund wins face-off versus Scott Laughton in neutral zone.
16:15 of 2nd period - Shot by Markus Granlund.
16:15 of 2nd period - Shot Blocked by T.J. Oshie.
16:17 of 2nd period - Shot by Markus Granlund.
16:17 of 2nd period - Stopped by Al Montoya without a rebound.
16:18 of 2nd period - Tyler Seguin wins face-off versus Mikael Backlund in MapleLeafs zone.
16:27 of 2nd period - Shot by Tyler Seguin.
16:27 of 2nd period - Stopped by Al Montoya without a rebound.
16:28 of 2nd period - David Krejci wins face-off versus Markus Granlund in MapleLeafs zone.
16:48 of 2nd period - Icing by Dmitry Kulikov.
16:49 of 2nd period - Tyler Seguin wins face-off versus David Krejci in MapleLeafs zone.
17:04 of 2nd period - Shot by Brayden Schenn.
17:04 of 2nd period - Shot Misses the Net.
17:06 of 2nd period - Shot by Drew Miller.
17:06 of 2nd period - Shot Misses the Net.
17:08 of 2nd period - Shot by Rob OGara.
17:08 of 2nd period - Shot Blocked by Dmitry Kulikov.
17:10 of 2nd period - Shot by Tyler Seguin.
17:10 of 2nd period - Deflect By Brayden Schenn.
17:10 of 2nd period - Shot Misses the Net.
17:48 of 2nd period - Icing by Brent Seabrook.
17:49 of 2nd period - Nazem Kadri wins face-off versus Markus Granlund in MapleLeafs zone.
18:47 of 2nd period - Off-side.
18:48 of 2nd period - Mikael Backlund wins face-off versus Tyler Seguin in neutral zone.
19:04 of 2nd period - Minor Penalty to Zach Bogosian for Holding.
19:04 of 2nd period - Minor Penalty to Tyler Seguin for Hooking.
19:05 of 2nd period - Jussi Jokinen wins face-off versus T.J. Oshie in MapleLeafs zone.
Goals for this period are 2 for Senators vs 3 for MapleLeafs.
Shots for this period are 10 for Senators vs 11 for MapleLeafs.

3rd period


0:01 of 3rd period - T.J. Oshie wins face-off versus Matt Puempel in neutral zone.
0:28 of 3rd period - Shot by T.J. Oshie.
0:28 of 3rd period - Stopped by Andrew Hammond without a rebound.
0:29 of 3rd period - Jussi Jokinen wins face-off versus T.J. Oshie in Senators zone.
1:18 of 3rd period - Off-side.
1:19 of 3rd period - Mikael Backlund wins face-off versus Markus Granlund in neutral zone.
1:35 of 3rd period - Off-side.
1:36 of 3rd period - Derick Brassard wins face-off versus Beau Bennett in neutral zone.
1:41 of 3rd period - Brandon Montour is hit by Mike Hoffman and loses puck.
1:54 of 3rd period - Shot by Beau Bennett.
1:54 of 3rd period - Shot Blocked by Robbie Russo.
2:11 of 3rd period - Icing by Robbie Russo.
2:12 of 3rd period - David Krejci wins face-off versus Derick Brassard in Senators zone.
2:13 of 3rd period - Shot by T.J. Oshie.
2:13 of 3rd period - Shot Misses the Net.
2:52 of 3rd period - Shot by Markus Granlund.
2:52 of 3rd period - Stopped by Al Montoya without a rebound.
2:53 of 3rd period - Mikael Backlund wins face-off versus Tyler Seguin in MapleLeafs zone.
3:42 of 3rd period - Shot by Mark Stone.
3:42 of 3rd period - Stopped by Al Montoya without a rebound.
3:43 of 3rd period - Nazem Kadri wins face-off versus Derick Brassard in MapleLeafs zone.
3:43 of 3rd period - Nazem Kadri is hit by Derick Brassard.
3:46 of 3rd period - Icing by Brent Seabrook.
3:47 of 3rd period - Derick Brassard wins face-off versus Nazem Kadri in MapleLeafs zone.
3:53 of 3rd period - Icing by Karl Alzner.
3:54 of 3rd period - Nazem Kadri wins face-off versus Markus Granlund in MapleLeafs zone.
4:01 of 3rd period - Shot by Mark Stone.
4:01 of 3rd period - Stopped by Al Montoya without a rebound.
4:02 of 3rd period - David Krejci wins face-off versus Derick Brassard in MapleLeafs zone.
4:02 of 3rd period - David Krejci is hit by Bobby Ryan.
4:45 of 3rd period - Karl Alzner is hit by Derick Brassard and loses puck.
5:17 of 3rd period - Icing by T.J. Oshie.
5:18 of 3rd period - David Krejci wins face-off versus Tyler Seguin in MapleLeafs zone.
5:18 of 3rd period - David Krejci is hit by Brayden Schenn.
5:49 of 3rd period - Minor Penalty to Robbie Russo for Interference.
5:50 of 3rd period - Nazem Kadri wins face-off versus Anton Lander in Senators zone.
5:53 of 3rd period - Shot by Nazem Kadri.
5:53 of 3rd period - Shot Misses the Net.
6:07 of 3rd period - Shot by Nazem Kadri.
6:07 of 3rd period - Shot Misses the Net.
6:19 of 3rd period - Shot by Reilly Smith.
6:19 of 3rd period - Shot Misses the Net.
6:35 of 3rd period - Zbynek Michalek is hit by Nazem Kadri and loses puck.
6:43 of 3rd period - Icing by Dmitry Kulikov.
6:44 of 3rd period - Anton Lander wins face-off versus Nazem Kadri in MapleLeafs zone.
6:56 of 3rd period - Anton Lander is hit by Marc Methot and loses puck.
7:35 of 3rd period - Shot by T.J. Oshie.
7:35 of 3rd period - Shot Blocked by Jason Garrison.
7:53 of 3rd period - Shot by T.J. Oshie.
7:53 of 3rd period - Stopped by Andrew Hammond without a rebound.
7:54 of 3rd period - Marek Hrivik wins face-off versus Mike Hoffman in Senators zone.
7:55 of 3rd period - Shot by Brandon Montour.
7:55 of 3rd period - Deflect By Marek Hrivik.
7:55 of 3rd period - Stopped by Andrew Hammond without a rebound.
7:56 of 3rd period - Mikael Backlund wins face-off versus Derick Brassard in Senators zone.
7:56 of 3rd period - Zach Bogosian is hit by Kevin Bieksa and loses puck.
8:11 of 3rd period - Shot by Brandon Montour.
8:11 of 3rd period - Stopped by Andrew Hammond with a rebound.
8:13 of 3rd period - Shot by Zach Bogosian.
8:13 of 3rd period - Shot Misses the Net.
8:15 of 3rd period - Shot by Mikael Backlund.
8:15 of 3rd period - Shot Blocked by Kevin Bieksa.
8:17 of 3rd period - Shot by Marek Hrivik.
8:17 of 3rd period - Stopped by Andrew Hammond without a rebound.
8:18 of 3rd period - Markus Granlund wins face-off versus Scott Laughton in Senators zone.
8:27 of 3rd period - Shot by Matt Puempel.
8:27 of 3rd period - Shot Misses the Net.
9:06 of 3rd period - Icing by Karl Alzner.
9:07 of 3rd period - Tyler Seguin wins face-off versus Scott Laughton in MapleLeafs zone.
9:14 of 3rd period - Shot by Tyler Seguin.
9:14 of 3rd period - Stopped by Al Montoya without a rebound.
9:15 of 3rd period - Mikael Backlund wins face-off versus Derick Brassard in MapleLeafs zone.
9:34 of 3rd period - Dmitry Kulikov is hit by Mike Hoffman and loses puck.
9:40 of 3rd period - Icing by Dmitry Kulikov.
9:41 of 3rd period - Mikael Backlund wins face-off versus Tyler Seguin in MapleLeafs zone.
9:46 of 3rd period - Shot by Marek Hrivik.
9:46 of 3rd period - Shot Hit the Post.
10:00 of 3rd period - Shot by Drew Miller.
10:00 of 3rd period - Shot Misses the Net.
10:08 of 3rd period - Shot by Brayden Schenn.
10:08 of 3rd period - Stopped by Al Montoya with a rebound.
10:10 of 3rd period - Shot by Drew Miller.
10:10 of 3rd period - Deflect By Tyler Seguin.
10:10 of 3rd period - Shot Misses the Net.
10:51 of 3rd period - Shot by Mark Stone.
10:51 of 3rd period - Shot Misses the Net.
11:11 of 3rd period - Zbynek Michalek is hit by Nazem Kadri and loses puck.
11:45 of 3rd period - Shot by David Krejci.
11:45 of 3rd period - Shot Misses the Net.
11:47 of 3rd period - Shot by T.J. Oshie.
11:47 of 3rd period - Stopped by Andrew Hammond without a rebound.
11:48 of 3rd period - Anton Lander wins face-off versus Scott Laughton in Senators zone.
11:48 of 3rd period - Anton Lander is hit by Scott Laughton.
12:14 of 3rd period - Lauri Korpikoski is hit by Adam Erne and loses puck.
12:39 of 3rd period - Brent Seabrook is hit by Markus Granlund and loses puck.
13:22 of 3rd period - Shot by Mike Hoffman.
13:22 of 3rd period - Shot Blocked by Karl Alzner.
13:30 of 3rd period - Shot by Mike Hoffman.
13:30 of 3rd period - Shot Blocked by T.J. Oshie.
13:32 of 3rd period - Shot by Zbynek Michalek.
13:32 of 3rd period - Shot Misses the Net.
13:34 of 3rd period - Shot by Mike Hoffman.
13:34 of 3rd period - Shot Misses the Net.
13:36 of 3rd period - Shot by Derick Brassard.
13:36 of 3rd period - Stopped by Al Montoya without a rebound.
13:37 of 3rd period - Reilly Smith wins face-off versus Drew Miller in MapleLeafs zone.
13:58 of 3rd period - Shot by Reilly Smith.
13:58 of 3rd period - Shot Blocked by Drew Doughty.
14:00 of 3rd period - Shot by Reilly Smith.
14:00 of 3rd period - Shot Misses the Net.
14:02 of 3rd period - Shot by Dmitry Kulikov.
14:02 of 3rd period - Stopped by Andrew Hammond without a rebound.
14:03 of 3rd period - Mikael Backlund wins face-off versus Markus Granlund in Senators zone.
14:36 of 3rd period - Shot by Mikael Backlund.
14:36 of 3rd period - Stopped by Andrew Hammond with a rebound.
14:38 of 3rd period - Shot by Mikael Backlund.
14:38 of 3rd period - Goal by Mikael Backlund - Senators : 5 - MapleLeafs : 5.
14:39 of 3rd period - Nazem Kadri wins face-off versus Derick Brassard in neutral zone.
14:46 of 3rd period - Shot by Nazem Kadri.
14:46 of 3rd period - Deflect By Beau Bennett.
14:46 of 3rd period - Shot Misses the Net.
15:00 of 3rd period - Shot by Mike Hoffman.
15:00 of 3rd period - Stopped by Al Montoya without a rebound.
15:01 of 3rd period - Drew Miller wins face-off versus Mikael Backlund in MapleLeafs zone.
15:30 of 3rd period - Mikael Backlund is hit by Drew Doughty and loses puck.
15:49 of 3rd period - Shot by Reilly Smith.
15:49 of 3rd period - Shot Misses the Net.
16:39 of 3rd period - David Krejci is hit by Jason Garrison and loses puck.
17:17 of 3rd period - Kevin Bieksa is hit by Tanner Glass and loses puck.
17:49 of 3rd period - Nazem Kadri is hit by Kevin Bieksa and loses puck.
18:50 of 3rd period - Icing by Karl Alzner.
18:51 of 3rd period - Markus Granlund wins face-off versus Scott Laughton in MapleLeafs zone.
18:54 of 3rd period - Shot by Mark Stone.
18:54 of 3rd period - Shot Blocked by Marc Methot.
18:56 of 3rd period - Shot by Kevin Bieksa.
18:56 of 3rd period - Shot Blocked by Karl Alzner.
19:04 of 3rd period - Shot by Markus Granlund.
19:04 of 3rd period - Shot Blocked by Karl Alzner.
19:06 of 3rd period - Shot by Zbynek Michalek.
19:06 of 3rd period - Stopped by Al Montoya without a rebound.
19:07 of 3rd period - Derick Brassard wins face-off versus Nazem Kadri in MapleLeafs zone.
19:12 of 3rd period - Shot by Mike Hoffman.
19:12 of 3rd period - Stopped by Al Montoya with a rebound.
19:14 of 3rd period - Shot by Mike Hoffman.
19:14 of 3rd period - Deflect By Derick Brassard.
19:14 of 3rd period - Stopped by Al Montoya without a rebound.
19:15 of 3rd period - Mikael Backlund wins face-off versus Markus Granlund in MapleLeafs zone.
Goals for this period are 0 for Senators vs 1 for MapleLeafs.
Shots for this period are 10 for Senators vs 9 for MapleLeafs.

Overtime #1


0:01 of 1st overtime period - Tyler Seguin wins face-off versus David Krejci in neutral zone.
0:06 of 1st overtime period - Shot by Brayden Schenn.
0:06 of 1st overtime period - Shot Blocked by Marc Methot.
0:08 of 1st overtime period - Shot by Drew Doughty.
0:08 of 1st overtime period - Stopped by Al Montoya without a rebound.
0:09 of 1st overtime period - Nazem Kadri wins face-off versus Tyler Seguin in MapleLeafs zone.
0:09 of 1st overtime period - Nazem Kadri is hit by Tyler Seguin.
0:19 of 1st overtime period - Shot by Nazem Kadri.
0:19 of 1st overtime period - Goal by Nazem Kadri - Senators : 5 - MapleLeafs : 6.
Goals for this period are 0 for Senators vs 1 for MapleLeafs.
Shots for this period are 1 for Senators vs 1 for MapleLeafs.